 Dungeon Crawl Stone Soup version 0.26-a0-812-g31a745ddcd (webtiles) character file.

Game seed: 14323829562174629196

35 dmks the Ducker (level 3, -4/28 HPs)
             Began as a Demonspawn Gladiator on Nov 15, 2020.
             Slain by an adder (5 damage)
             ... on level 1 of the Dungeon.
             The game lasted 00:03:24 (1552 turns).

dmks the Ducker (Demonspawn Gladiator)              Turns: 1552, Time: 00:03:24

Health: -4/28      AC:  5    Str: 13 (15) XL:     3   Next: 17%
Magic:  3/3        EV: 12    Int:  7 (9)  God:
Gold:   39         SH:  0    Dex: 13 (14) Spells: 2/2 levels left

rFire    . . .     SeeInvis .   a - +0 war axe
rCold    . . .     Faith    .   (no shield)
rNeg     . . .     Spirit   .   b - +0 leather armour
rPois    .         Reflect  .   (helmet restricted)
rElec    .         Harm     .   (no cloak)
rCorr    .         Rampage  .   (no gloves)
MR       .....                  (no boots)
Stlth    +.........             (no amulet)
HPRegen  0.09/turn              (no ring)
MPRegen  0.08/turn              (no ring)

@: lethally poisoned (-4 -> -13)
A: antennae 1, iridescent scales 1
a: no special abilities


You were on level 1 of the Dungeon.
You visited 1 branch of the dungeon, and saw 2 of its levels.

You collected 39 gold pieces.

Inventory:

Hand Weapons
 a - a +0 war axe (weapon)
Missiles
 d - 2 throwing nets (quivered) {!f}
Armour
 b - a +0 leather armour (worn)
 c - a +0 helmet
 l - a +0 pair of gloves
   (You found it on level 1 of the Dungeon)
Scrolls
 e - 2 scrolls of identify {unknown}
 g - a scroll of magic mapping {unknown}
 h - a scroll of fog {unknown}
 k - a scroll of noise {unknown}
 m - a scroll of remove curse {unknown}
Potions
 i - a potion of haste {unknown}


   Skills:
 * Level 2.9 Fighting
 + Level 3.0 Axes
 - Level 1.9 Throwing
 + Level 3.0 Dodging


You had 2 spell levels left.
You didn't know any spells.
Your spell library was empty.

Dungeon Overview and Level Annotations

Branches:
Dungeon (2/15)

Altars:


Innate Abilities, Weirdness & Mutations

You have a pair of small antennae on your head.
You are partially covered in iridescent scales. (AC +2)


Message History

You barely miss the adder. The adder closely misses you. The adder bites you.
You are poisoned.
The adder poisons you!
You hit the adder.
You feel sick. The adder bites you.
You are more poisoned.
The adder poisons you! The adder closely misses you.
You feel sick. The adder bites you.
You are more poisoned.
The adder poisons you! The adder bites you but does no damage.
You climb upwards.
You feel sick.
There is a stone staircase leading down here.
You barely miss the adder.
You feel sick. The adder bites you.
* * * LOW HITPOINT WARNING * * *
The adder bites you.
* * * LOW HITPOINT WARNING * * *
You are more poisoned.
The adder poisons you!
* * * LOW HITPOINT WARNING * * *
You feel sick.
You miss the adder.
* * * LOW HITPOINT WARNING * * *
You feel sick. The adder barely misses you. The adder closely misses you.
* * * LOW HITPOINT WARNING * * *
You feel sick.
You see here an adder skeleton.
* * * LOW HITPOINT WARNING * * *
You feel sick.
Throwing (i - inventory)
d - 3 throwing nets (quivered)
{!f}
Aim: an adder (lightly wounded) Really fire
d - 3 throwing nets {!f}? [Y]es or [N]o only, please.
Really fire
d - 3 throwing nets {!f}?
You throw a throwing net {!f}.
The throwing net {!f} completely misses the adder.
* * * LOW HITPOINT WARNING * * *
You feel sick. The adder barely misses you.
It was a potion of degeneration.
There was something very wrong with that liquid.
You feel weakened.
You feel dopey.
You feel clumsy.
* * * LOW HITPOINT WARNING * * *
You feel sick. The adder completely misses you. The adder closely misses you.
You closely miss the adder.
* * * LOW HITPOINT WARNING * * *
You feel sick. The adder closely misses you.
You closely miss the adder.
* * * LOW HITPOINT WARNING * * *
You feel sick. The adder bites you.
* * * LOW HITPOINT WARNING * * *
The adder bites you.
You die...

#.#.......###..
#####.........##...
#.......#.###.###..
#.#####.#.# #.# ##.
#.# #.....# #.# #.
#.# #.#.#####.# #.
#.# #.#.......# ##+
#.###.#.#########..
#.@S.>.(## ##...
#####.##.## ##....
#.#...####.....
#........'.....
#.#...####...).
##.##.## ##....
##...### ##...
##.###.## ##.. #.##
##.# ##+


You could see an adder.

Vanquished Creatures
  An adder (D:1)
  A worm (D:2)
  2 dart slugs (D:1)
  2 hobgoblins
  4 jackals (D:2)
  A kobold (D:1)
  4 bats (D:1)
  2 goblins
  4 rats
21 creatures vanquished.

Notes
Turn   | Place    | Note
-------+----------+-------------------------------------------
     0 | D:1      | dmks the Demonspawn Gladiator began the quest for the Orb.
     0 | D:1      | Reached XP level 1. HP: 16/16 MP: 1/1
   354 | D:1      | Gained mutation: You are partially covered in iridescent
                  | scales. (AC +2) [demonic ancestry]
   354 | D:1      | Reached XP level 2. HP: 23/23 MP: 2/2
  1342 | D:2      | Gained mutation: You have a pair of small antennae on your
                  | head. [demonic ancestry]
  1342 | D:2      | Reached XP level 3. HP: 20/28 MP: 3/3
  1552 | D:1      | HP: 1/28 [adder (1)]
  1552 | D:1      | Slain by an adder

Illustrated notes

Levels and vault maps discovered:
D:1:      dpeg_arrival_refuge, layout_loops_corners
D:2:      layout_rooms, chequers_temple_overflow_statue_of_worship,
          minmay_misc_feat_cross

Skill      XL: |  1  2 |
---------------+-------+-----
Axes           | 3 |  3.0
Dodging        | 3 |  3.0
Fighting       | |  2.9
Throwing       | |  1.9

Action                   || total
-------------------------++-------
Melee: War axe           ||    77
Throw: Throwing net      ||     1
  Use: Potion            ||     2
 Stab: Sleeping          ||     1
Armor: Leather armour    ||    30
Dodge: Dodged            ||    84

Table legend: (Time is in decaauts)
 A = Elapsed time spent in this place.
 B = Non-inter-level travel time spent in this place.
 C = Inter-level travel time spent in this place.
 D = Time resting spent in this place.
 E = Time spent auto-exploring this place.
 F = Levels seen in this place.
 G = Mean time per level.
                   A        B        C        D        E       F      G
               +--------+--------+--------+--------+--------+-----+--------+
         Total |   1581 |   1530 |     51 |    277 |   1015 |   2 |  790.5 |
       Dungeon |   1581 |   1530 |     51 |    277 |   1015 |   2 |  790.5 |
               +--------+--------+--------+--------+--------+-----+--------+

Top non-repeatable levels by time:
     D:1: 1459 daAuts
     D:2: 122 daAuts
